 Dungeon Crawl Stone Soup version 0.20.1-1-g8b1a95d (webtiles) character file.

112 Ladykiller69 the Ruffian (level 4, -4/45 HPs)
             Began as a Troll Monk on July 16, 2017.
             Slain by Grinder (5 damage)
             ... on level 3 of the Dungeon.
             The game lasted 00:02:31 (1524 turns).

Ladykiller69 the Ruffian (Troll Monk)               Turns: 1524, Time: 00:02:32

Health: -4/45      AC:  5    Str: 20    XL:     4   Next: 63%
Magic:  3/3        EV:  8    Int:  6    God:
Gold:   58         SH:  7    Dex: 12    Spells: 3/3 levels left

rFire    . . .     SeeInvis .     - Unarmed
rCold    + . .     Gourm    +   c - +0 shield {rC+}
rNeg     . . .     Faith    .   a - +0 robe
rPois    .         Spirit   .   (helmet restricted)
rElec    .         Reflect  .   (no cloak)
rCorr    .         Harm     .   (gloves unavailable)
MR       .....                  (boots unavailable)
Stlth    ++........             (no amulet)
Regen    0.6/turn               (no ring)
MPRegen  0.1/turn               (no ring)

@: no status effects
A: unfitting armour, claws 3, fast metabolism 3, gourmand, regeneration 1,
shaggy fur 1, tough skin 2
a: no special abilities


You were on level 3 of the Dungeon.
You were very full.

You visited 1 branch of the dungeon, and saw 3 of its levels.

You collected 58 gold pieces.

Inventory:

Missiles
 g - 58 stones (quivered)
Armour
 a - a +0 robe (worn)
 c - a +0 shield of cold resistance (worn)
Scrolls
 e - a scroll of enchant weapon {unknown}
 i - a scroll of blinking {unknown}
 j - 2 scrolls of teleportation {unknown}
 l - a scroll of amnesia {unknown}
 m - a scroll of recharging {unknown}
Potions
 d - 2 potions of heal wounds {unknown}
 f - 3 potions of haste {unknown}
 h - a potion of curing {unknown}
 n - a potion of degeneration {unknown}
 o - a potion of magic {unknown}
Comestibles
 b - 3 bread rations
 k - a royal jelly
 p - a meat ration


   Skills:
 + Level 3.1 Fighting
 + Level 3.3 Dodging
 - Level 1.0 Stealth
 + Level 3.9 Unarmed Combat


You had 3 spell levels left.
You didn't know any spells.

Dungeon Overview and Level Annotations

Branches:
Dungeon (3/15)

Altars:
Qazlal

Annotations:
D:3 Grinder


Innate Abilities, Weirdness & Mutations

You are too large for most types of armour.
You have claws for hands.
Your metabolism is lightning-fast.
You like to eat raw meat.
Your natural rate of healing is unusually fast.
You are covered in fur. (AC +1)
You have very tough skin. (AC +2)


Message History

You writhe in agony.
* * * LOW HITPOINT WARNING * * *
You claw Grinder!
Grinder is heavily wounded.
Grinder hits you but does no damage.
You scratch Grinder.
Grinder is severely wounded.
You block Grinder's attack.
You closely miss Grinder.
Grinder is heavily wounded.
Grinder hits you.
* * * LOW HITPOINT WARNING * * *
You writhe in agony.
* * * LOW HITPOINT WARNING * * *
You scratch Grinder.
Grinder is severely wounded.
Grinder hits you.
* * * LOW HITPOINT WARNING * * *
You writhe in agony.
You die...

.. #######
#.####.....
#.#.......####
#.#.##.......%
#$#..#........
#.#..#o)?.....
#.#<@#.#
###....5o#
#......###
#......#
#..........#
#......%...#
#.......#.##
#######.#.#
#.#..


You could see Grinder and an orc.

Vanquished Creatures
  An orc priest (D:3)
  Natasha (D:2)
  An adder (D:2)
  2 oozes
  A dart slug (D:1)
  2 leopard geckos (D:2)
  An orc (D:3)
  A ball python (D:1)
  4 goblins
  4 hobgoblins
  8 bats
  5 frilled lizards (D:2)
  4 kobolds
  4 rats
39 creatures vanquished.

Notes
Turn   | Place    | Note
-------+----------+-------------------------------------------
     0 | D:1      | Ladykiller69 the Troll Monk began the quest for the Orb.
     0 | D:1      | Reached XP level 1. HP: 22/22 MP: 0/0
   108 | D:1      | Reached XP level 2. HP: 19/29 MP: 1/1
   766 | D:2      | Found a stormy altar of Qazlal.
   891 | D:2      | Reached XP level 3. HP: 36/36 MP: 2/2
  1149 | D:2      | Noticed Natasha
  1156 | D:2      | Killed Natasha
  1214 | D:2      | Reached XP level 4. HP: 44/44 MP: 3/3
  1506 | D:3      | Noticed Grinder
  1524 | D:3      | HP: 1/45 [Grinder (2)]
  1524 | D:3      | Slain by Grinder

Skill      XL: |  1  2  3  4 |
---------------+-------------+-----
Dodging        | 3 |  3.3
Fighting       | 3 |  3.1
Stealth        | |  1.0
Unarmed Combat | |  3.9

Action                   |  1- 3 |  4- 6 || total
-------------------------+-------+-------++-------
Melee: Unarmed           |    72 |    26 ||    98
 Stab: Sleeping          |     7 |       ||     7
  Eat: Chunk             |    16 |     2 ||    18
Armor: Robe              |    40 |     8 ||    48
Dodge: Dodged            |    20 |    10 ||    30
Block: Shield            |    37 |     7 ||    44
